Triple Nexus rush off single gate & single gas. Stalker, stalker, sentry for halluc scout
| 8 | 0:07 | | Chrono |
| 12 | 0:32 | | |
| 14 | 0:54 | | |
| 15 | 1:06 | | 2nd Chrono |
| 16 | 1:13 | | Single gas, no probes in yet |
| 17 | 1:38 | | |
| 17 | 1:47 | | Put 3 in gas now |
| 19 | 2:06 | | Downstairs |
| 21 | 2:24 | | Chrono Stalker, send across map to scout |
| 22 | 2:28 | | |
| 25 | 2:47 | | |
| 26 | 2:51 | | Chrono @ Natural |
| 32 | 3:23 | | 3rd Nexus |
| 34 | 3:26 | | |
| 36 | 3:35 | | Gateway at Natural Wall |
| 38 | 3:42 | | Hallucinate Phoenix, send to Terran main |
| 38 | 3:43 | | 2nd Gas @ Natural |
| 42 | 4:03 | | 3rd pylon @ 3rd |
| 42 | 4:18 | | |
| 44 | 4:21 | |
